 Dungeon Crawl Stone Soup version 0.18.1-50-g88ac8fd (webtiles) character file.

102 Nordron the Insei (level 4, -1/39 HPs)
             Began as a Naga Transmuter on Sept 29, 2016.
             Was an Initiate of Cheibriados.
             Slain by Nordron's ghost (5 damage)
             ... on level 3 of the Dungeon.
             The game lasted 00:10:31 (2564 turns).

Nordron the Insei (Naga Transmuter)                 Turns: 2564, Time: 00:10:31

Health: -1/39      AC:  2    Str: 13    XL:     4   Next: 78%
Magic:  0/7        EV:  9    Int: 19    God:    Cheibriados [......]
Gold:   138        SH:  0    Dex: 14    Spells: 1 memorised, 6 levels left

rFire  + . .     SeeInvis +       - Unarmed
rCold  + . .     Gourm    .     w - +0 robe (curse)
rNeg   . . .     Faith    .     (no shield)
rPois  +         Spirit   +     (no helmet)
rElec  +         Dismiss  .     (no cloak)
rCorr  +         Reflect  .     (no gloves)
SustAt .         Harm     .     (no barding)
MR     .....                    x - amulet of guardian spirit
Stlth  +.........               (no ring)
                                m - ring of resist corrosion

@: brilliant, resistant, drained, very slow, not resistant to hostile
enchantments, very unstealthy
A: see invisible, deformed body, poison resistance, slowness 2, slow metabolism
1, spit poison 2, AC +1
a: Spit Poison, Bend Time, Renounce Religion


You were on level 3 of the Dungeon.
You worshipped Cheibriados.
Cheibriados was noncommittal.
You were not hungry.

You visited 1 branch of the dungeon, and saw 3 of its levels.

You collected 138 gold pieces.

Inventory:

Missiles
 a - 32 arrows
Armour
 n - a +1 chain mail of positive energy
 w - a cursed +0 robe (worn)
Jewellery
 g - an uncursed ring of fire
 m - a ring of resist corrosion (left hand)
 v - an uncursed amulet of harm
 x - an amulet of guardian spirit (around neck)
Wands
 p - a wand of paralysis (3/24)
Scrolls
 i - a scroll of identify {unknown}
 j - a scroll of recharging {unknown}
 l - a scroll of random uselessness {unknown}
 q - a scroll of enchant weapon {unknown}
 s - 2 scrolls of enchant armour {unknown}
Potions
 k - a potion of magic
 o - a potion of mutation {unknown}
 r - a potion of haste {unknown}
 t - a potion of curing {unknown}
Books
 c - a book of Changes

   Spells                             Type                      Level
   a - Beastly Appendage              Transmutation                1
   b - Sticks to Snakes               Transmutation                2
   c - Spider Form                    Transmutation/Poison         3
   d - Ice Form                       Ice/Transmutation            4
   e - Blade Hands                    Transmutation                5
Comestibles
 d - 2 bread rations
 f - a beef jerky
 u - 3 chunks of flesh


   Skills:
 + Level 2.0(1.0) Fighting
 + Level 1.0(0.1) Armour
 - Level 1.5(0.6) Dodging
 + Level 3.5(2.5) Unarmed Combat
 + Level 2.3(1.3) Spellcasting
 * Level 3.3(2.2) Transmutations


You had 6 spell levels left.
You knew the following spells:

 Your Spells              Type           Power        Failure   Level  Hunger
a - Beastly Appendage     Trmt           ###...       1%          1    ##.....


Dungeon Overview and Level Annotations

Branches:
Dungeon (3/15)

Altars:
Ashenzari
Cheibriados
Nemelex Xobeh
Pakellas
Ru

Annotations:
D:3 Nordron's ghost, amateur NaTm


Innate Abilities, Weirdness & Mutations

You cannot wear boots.
Your serpentine skin is tough (AC +1).
You have supernaturally acute eyesight.
Armour fits poorly on your strangely shaped body.
Your system is resistant to poisons.
You cover ground very slowly.
You have a slow metabolism.
You can spit poison.


Message History

Nordron's ghost is moderately damaged.
Nordron's ghost hits you.
Drink which item? (? for menu, Esc to quit)
Okay, then.
Drink which item? (? for menu, Esc to quit)
It was a potion of brilliance.
You feel clever all of a sudden. Nordron's ghost hits you!
Casting: Beastly Appendage
Confirm with . or Enter, or press ? or * to list all spells.
You don't have enough magic to cast that spell.
Drink which item? (? for menu, Esc to quit)
It was a potion of resistance.
You feel protected. Nordron's ghost hits you!
* * * LOW HITPOINT WARNING * * *
x2 Drink which item? (? for menu, Esc to quit)
It was a potion of magic.
Magic courses through your body. Nordron's ghost hits you!
You die...

###.........
##_###.#
#..(...#..
#...#..#
#......#
#..###...#
.#.##.#
#........# .#
..#.####..#####
.(............#
..#.........#.#
.......W###.#.#
.######@#
#.#.## #.#
#W...# #.#
#.#..#
.#.##.#..# #
#.#.#..#
#.#####.....#
#.....#.##.#
#..###W...#.#
#..#...#


You could see Nordron's ghost.

Vanquished Creatures
  3 adders (D:2)
  2 oozes (D:1)
  A worm (D:2)
  2 dart slugs (D:1)
  2 giant geckos (D:1)
  A ball python (D:2)
  10 bats
  4 giant cockroaches
  3 goblins
  2 hobgoblins
  8 jackals
  2 giant newts
  9 kobolds
  9 rats
58 creatures vanquished.

Notes
Turn   | Place    | Note
--------------------------------------------------------------
     0 | D:1      | Nordron the Naga Transmuter began the quest for the Orb.
     0 | D:1      | Reached XP level 1. HP: 18/18 MP: 3/3
   428 | D:1      | Reached XP level 2. HP: 13/25 MP: 3/5
   658 | D:1      | Reached XP level 3. HP: 23/31 MP: 4/6
  1613 | D:2      | Reached XP level 4. HP: 34/39 MP: 5/7
  1756 | D:2      | Reached skill level 1 in Armour
  1800 | D:2      | Found a snail-covered altar of Cheibriados.
  1810 | D:2      | Became a worshipper of Cheibriados the Contemplative
  1835 | D:2      | Found a shattered altar of Ashenzari.
  1835 | D:2      | Found a sacrificial altar of Ru.
  1879 | D:2      | Found a sparkling altar of Nemelex Xobeh.
  2509 | D:3      | Found an oddly glowing altar of Pakellas.
  2544 | D:3      | Noticed Nordron's ghost (amateur NaTm)
  2564 | D:3      | Slain by Nordron's ghost

Skill      XL: |  1  2  3  4 |
---------------+-------------+-----
Armour         | 1 |  1.0
Transmutations | 3 |  3.3
Fighting       | 2 |  2.0
Dodging        | |  1.5
Unarmed Combat | |  3.5
Spellcasting   | |  2.3

Action                   |  1- 3 |  4- 6 || total
-------------------------+-------+-------++-------
Melee: Unarmed           |   138 |    84 ||   222
       Headbutt          |    20 |    12 ||    32
       Punch             |     1 |     1 ||     2
 Cast: Beastly Appendage |    24 |    13 ||    37
Evoke: Wand              |       |     1 ||     1
  Use: Potion            |       |     4 ||     4
  Eat: Chunk             |     2 |     3 ||     5
Armor: Robe              |    20 |    28 ||    48
Dodge: Dodged            |    74 |    52 ||   126
